 Dungeon Crawl Stone Soup version 0.18-a0-1202-g796ae12 (webtiles) character file.

95 Oddball22 the Cutter (level 4, -1/23 HPs)
             Began as a Vine Stalker Artificer on Jan 31, 2016.
             Hit by a javelin thrown by a gnoll (5 damage)
             ... on level 3 of the Dungeon.
             The game lasted 00:06:06 (1648 turns).

Oddball22 the Cutter (Vine Stalker Artificer)       Turns: 1648, Time: 00:06:06

Health: -1/23      AC:  8    Str: 13    XL:     4   Next: 66%
Magic:  0/7        EV: 12    Int: 12    God:
Gold:   94         SH:  0    Dex: 20    Spells: 0 memorised, 3 levels left

rFire  . . .     SeeInvis +     i - +0 mace (protect)
rCold  . . .     Gourm    .     b - +0 leather armour
rNeg   . . .     Faith    .     (no shield)
rPois  .         Spirit   +     (no helmet)
rElec  .         Dismiss  .     (no cloak)
rCorr  .         Reflect  .     (no gloves)
SustAt .         Harm     .     (no boots)
MR     .....                    t - amulet of magic regeneration
Stlth  ++........               m - +4 ring of dexterity
                                g - ring of see invisible

@: not resistant to hostile enchantments, unstealthy
A: fangs 2, regeneration 1, magic shield, antimagic bite, no device heal 3, rot
immunity
a: no special abilities


You were on level 3 of the Dungeon.
You were not hungry.

You visited 1 branch of the dungeon, and saw 3 of its levels.

You collected 94 gold pieces.

Inventory:

Hand Weapons
 a - a +0 short sword
 i - a +0 mace of protection (weapon)
Armour
 b - a +0 leather armour (worn)
Jewellery
 g - a ring of see invisible (left hand)
 m - a +4 ring of dexterity (right hand)
 t - an amulet of magic regeneration (around neck)
Wands
 c - a wand of flame (15/48)
 d - a wand of enslavement (15/24)
 e - a wand of random effects (15/48)
Scrolls
 k - a scroll of blinking {unknown}
 l - 2 scrolls of fear {unknown}
 n - 3 scrolls of identify {unknown}
 o - 2 scrolls of remove curse {unknown}
 q - a scroll of random uselessness {unknown}
 u - 2 scrolls of magic mapping {unknown}
 w - a scroll of enchant armour {unknown}
 x - a scroll of noise {unknown}
Potions
 j - 2 potions of brilliance {unknown}
 p - a potion of might {unknown}
 s - a potion of agility {unknown}
 v - a potion of invisibility {unknown}
Comestibles
 f - 3 bread rations
 h - 3 chunks of flesh
 r - 2 beef jerkies


   Skills:
 + Level 1.9 Fighting
 * Level 3.0 Short Blades
 + Level 2.1 Dodging
 - Level 1.2 Stealth
 - Level 2.6 Evocations


You had 3 spell levels left.
You didn't know any spells.

Dungeon Overview and Level Annotations

Branches:
Dungeon (3/15)

Altars:


Innate Abilities, Weirdness & Mutations

You have extremely sharp teeth.
Your natural rate of healing is unusually fast.
When hurt, damage is shared between your health and your magic reserves.
Your bite disrupts and absorbs the magic of your enemies.
Potions and wands cannot restore your health.
You are immune to rotting.


Message History

You barely miss the gnoll. You bite the gnoll. You drain its power.
You feel invigorated.
The gnoll is lightly wounded.
The gnoll closely misses you. The gnoll hits you with a whip.
You barely miss the gnoll. Your bite misses the gnoll.
The gnoll is lightly wounded.
The gnoll misses you. x2
The gnoll hits you from afar with a spear!
You barely miss the gnoll. You bite the gnoll. You drain its power.
You feel invigorated.
The gnoll is severely wounded.
The gnoll hits you with a whip. The gnoll hits you but does no damage.
The gnoll hits you with a whip!
* * * LOW HITPOINT WARNING * * *
You closely miss the gnoll.
The gnoll is severely wounded.
The gnoll barely misses you. The gnoll hits you with a whip!
* * * LOW HITPOINT WARNING * * *
The gnoll throws a javelin.
The javelin hits you!
You die...

..#.# ##>## #.# #####..#.......
..#.##########.####............#.
..#+#.###..>......#.###..#.###.#.
..............g..>#.#....#.# .#
..................#.#.#.##.#
................g.#.#.#.##.# #
................g.#.#.#.##.###.#.
....#.#...........#.#.#..........
....#.#.........@.#.#.#..........
....#.#.........<................
....#.#.............#.##........#
..... .##.####...#.##......... #.
#...#.##........# #
#...#.##.######## +.....##.#
#...####.# #...# #.#


You could see 3 gnolls.

Vanquished Creatures
  3 adders (D:2)
  A gnoll (D:3)
  A giant gecko (D:1)
  8 bats
  3 giant cockroaches
  5 goblins
  10 hobgoblins
  2 jackals (D:1)
  3 giant newts
  10 kobolds
  7 rats
53 creatures vanquished.

Notes
Turn   | Place    | Note
--------------------------------------------------------------
     0 | D:1      | Oddball22 the Vine Stalker Artificer began the quest for the Orb.
     0 | D:1      | Reached XP level 1. HP: 9/9 MP: 3/3
    56 | D:1      | Reached skill level 1 in Short Blades
   140 | D:1      | Reached skill level 1 in Fighting
   140 | D:1      | Reached XP level 2. HP: 12/14 MP: 5/5
   462 | D:1      | Reached XP level 3. HP: 18/18 MP: 6/6
   976 | D:2      | Reached XP level 4. HP: 22/22 MP: 7/7
  1046 | D:2      | Found a faded altar to an unknown god.
  1635 | D:3      | Reached skill level 3 in Short Blades
  1648 | D:3      | Hit by a javelin thrown by a gnoll

Vault maps used:
D:1:      dpeg_arrival_round_c
D:2:      ecumenical_altar_1
D:3:      nicolae_overflow_hidden_temple, first_bread, uniq_grinder

Action                   |  1- 3 |  4- 6 || total
-------------------------+-------+-------++-------
Melee: Short sword       |    12 |       ||    12
       Mace              |    90 |    67 ||   157
 Stab: Sleeping          |     3 |       ||     3
       Distracted        |       |     1 ||     1
  Eat: Chunk             |       |     3 ||     3
